Monarchs vs Punishers

Created - February 8, 2021 at 19:08

Goals
1 2 3 T
Monarchs 0 2 2 4
Punishers 0 4 2 6
Shots
1 2 3 T
Monarchs 11 14 8 33
Punishers 7 10 11 28

1st period

No Goal

Penalties :
Nicholas Baptiste (MAN) for Hooking (Minor) at 12:03, Nikita Gusev (Pro) for Roughing (Minor) at 17:10

2nd period

1. Monarchs , JT Compher 20 (Riley Armstrong 15) at 3:48
2. Monarchs , Anthony Cirelli 2 (Nicholas Baptiste 16, Andy Andreoff 11) at 6:31
3. Punishers , Tyler Bertuzzi 15 (Radek Faksa 41) at 7:56
4. Punishers , Corey Tropp 14 (Tyler Bertuzzi 20, Radek Faksa 42) at 11:01
5. Punishers , Andreas Athanasiou 19 (Fredrik Claesson 19) at 11:46
6. Punishers , John Quenneville 7 (Carter Ashton 12) at 16:41

Penalties :
No Penalty

3rd period

7. Punishers , Andreas Athanasiou 20 (Elias Lindholm 22, Austen Brassard 11) at 5:16
8. Monarchs , Alex Iafallo 10 (JT Compher 21, Nicholas Baptiste 17) at 10:44 (PP)
9. Monarchs , Zach Werenski 15 (Noah Hanifin 7, Alex Iafallo 21) at 18:47 (PP)
10. Punishers , Corey Tropp 15 (Adam Pelech 29, Zack Hamill 9) at 19:21 (PP)

Penalties :
Alex Schoenborn (Pro) for Tripping (Minor) at 1:50, Fredrik Claesson (Pro) for Slashing (Minor) at 10:10, Noah Hanifin (MAN) for Hooking (Minor) at 12:20, Austen Brassard (Pro) for Interference (Minor) at 14:22, Corey Tropp (Pro) for High sticking (Minor) at 17:47, Markus Nutivaara (MAN) for High sticking (Minor) at 19:05

Goalie Stats

Alexandar Georgiev (MAN), 12 saves from 16 shots - (0.750), 36:41 minutes
Jake Allen (MAN), 10 saves from 12 shots - (0.833), L, 11-6-0, 23:11 minutes
Louis Domingue (Pro), 29 saves from 33 shots - (0.879), W, 21-11-0, 60:00 minutes

Players Stats for Monarchs

Player Name              G  A  P  +/- PIM S  H  SB GA TA FO     MP     PP MP  PK MP  
------------------------------------------------------------------------------------
Alex Iafallo             1  1  2  -1  0   3  0  1  1  0  0/0    17:27   3:40   0:16 
Andy Andreoff            0  1  1   0  0   2  1  0  0  0  0/0    11:11   0:00   1:25 
Anthony Cirelli          1  0  1   0  0   2  0  0  0  0  5/9    11:38   0:11   2:43 
Benn Ferriero            0  0  0  -1  0   0  4  1  0  0  0/0    14:50   0:00   0:00 
Brendan Lemieux          0  0  0  -1  0   2  0  0  0  3  0/0    14:42   3:40   0:00 
Brock Boeser             0  0  0  -1  0   1  1  0  0  0  2/2    16:48   3:40   0:00 
Curtis Lazar             0  0  0  -1  0   2  1  0  0  0  6/10   12:18   0:00   0:38 
Daultan Leveillé         0  0  0  -1  0   1  2  1  1  0  9/24   18:43   3:51   0:30 
Jacob Larsson            0  0  0   0  0   0  0  1  0  0  0/0     5:52   0:00   0:00 
Jeff Petry               0  0  0   2  0   1  0  1  0  1  0/0    10:11   0:00   1:45 
Josh Manson              0  0  0  -2  0   2  1  1  0  1  0/0    18:12   0:00   2:05 
JT Compher               1  1  2  -1  0   4  1  2  0  1  2/2    16:53   3:40   0:00 
Markus Nutivaara         0  0  0  -3  2   1  0  1  1  1  0/0    21:45   4:04   0:24 
Martin Frk               0  0  0  -1  0   0  1  1  1  0  0/0    11:40   0:00   0:00 
Matt Roy                 0  0  0   0  0   0  0  0  0  0  0/0     6:11   0:19   0:00 
Nicholas Baptiste        0  2  2   0  2   1  1  1  0  0  0/0    13:15   3:40   0:23 
Noah Hanifin             0  1  1   2  2   0  0  1  0  0  0/0    12:05   3:08   0:00 
Riley Armstrong          0  1  1  -1  0   6  3  0  0  1  11/17  16:20   0:11   2:33 
Roman Josi               0  0  0  -3  0   2  0  2  0  1  0/0    22:58   3:08   2:29 
Zach Werenski            1  0  1  -2  0   3  0  4  0  0  0/0    22:44   4:23   1:45 

Players Stats for Punishers

Player Name              G  A  P  +/- PIM S  H  SB GA TA FO     MP     PP MP  PK MP  
------------------------------------------------------------------------------------
Adam Pelech              0  1  1   1  0   1  0  2  3  0  0/0    21:34   2:15   4:33 
Alex Schoenborn          0  0  0   0  2   2  2  0  0  0  0/0     9:05   0:00   0:00 
Andreas Athanasiou       2  0  2   2  0   5  2  1  0  0  0/1    18:31   0:10   2:30 
Anton Blidh              0  0  0   0  0   1  4  0  0  0  0/0     9:38   0:00   0:28 
Austen Brassard          0  1  1   2  2   1  1  1  0  0  1/1    18:10   2:12   0:00 
Brett Kulak              0  0  0   1  0   2  1  0  0  0  0/0    19:46   1:59   2:58 
Carter Ashton            0  1  1   1  0   0  1  0  2  1  1/1    11:22   0:10   1:05 
Corey Tropp              2  0  2   0  2   5  0  1  1  0  4/6    18:34   1:52   3:41 
Elias Lindholm           0  1  1   2  0   1  0  0  0  0  10/23  17:46   1:52   0:02 
Fredrik Claesson         0  1  1   2  2   1  0  3  0  0  0/0    12:17   0:00   0:00 
John Quenneville         1  0  1   1  0   1  0  0  0  1  1/5    10:07   0:00   0:00 
Madison Bowey            0  0  0   0  0   1  1  1  0  1  0/0    20:37   0:00   2:58 
Nikita Gusev             0  0  0   1  2   1  0  1  0  0  0/0    10:07   0:00   0:00 
Niko Mikkola             0  0  0   0  0   0  0  0  0  0  0/0     3:28   0:00   0:00 
Noah Juulsen             0  0  0   2  0   1  0  2  0  0  0/0    14:21   1:59   0:00 
Radek Faksa              0  2  2   0  0   2  1  0  0  1  9/18   17:50   2:12   2:43 
Samuel Morin             0  0  0   0  0   0  1  3  1  0  0/0    27:56   2:15   4:33 
Tyler Bertuzzi           1  1  2   0  0   3  4  0  1  0  0/2    19:51   2:12   4:33 
Zack Hamill              0  1  1   0  0   0  0  0  1  0  3/7    11:23   2:02   0:00 

3 Stars

1 - Andreas Athanasiou (Pro)
2 - Tyler Bertuzzi (Pro)
3 - Corey Tropp (Pro)

Power Play

Monarchs - 2 on 6 Attempt(s) - 33.33%
Punishers - 1 on 2 Attempt(s) - 50.00%

Penalty Kill

Monarchs - 1 on 2 Attempt(s) - 50.00% - Score 0 goal in Penalty Kill
Punishers - 4 on 6 Attempt(s) - 66.67% - Score 0 goal in Penalty Kill

Team Stat

Monarchs - Hits : 16 - Faceoff Wins : 35 - Blocked Shots : 18 - Penalty Minutes : 6
Punishers - Hits : 18 - Faceoff Wins : 29 - Blocked Shots : 15 - Penalty Minutes : 10

Official

Referees : Unknown
Linesman : Unknown

Game Notes

Jake Allen enters game at 16:41 of 2nd period
0:42 of 3rd period - Penalty Shot by Madison Bowey for Punishers - Shot Misses the Net
Jeff Petry is injured at 13:50 of 3rd period (Left Eye)

Finance

Level 1 -- Attendance: 1278 (63.90%) -- Ticket Income $51,120
Level 2 -- Attendance: 643 (64.30%) -- Ticket Income $12,860
Total Attendance: 1921 (64.03%)
Total Ticket Income: $63,980
Other Income: $3,199
Total Income: $67,179

Monarchs

5 vs 5 Forward 
   Center                   Left Wing                Right Wing               Time % Phy DF OF 
 1 Daultan Leveillé         Alex Iafallo             Benn Ferriero            30     1   2  2  
 2 Riley Armstrong          JT Compher               Brock Boeser             30     1   2  2  
 3 Curtis Lazar             Brendan Lemieux          Martin Frk               25     1   2  2  
 4 Anthony Cirelli          Andy Andreoff            Nicholas Baptiste        15     1   2  2  

5 vs 5 Defense 
   Defense                  Defense                                           Time % Phy DF OF 
 1 Josh Manson              Zach Werenski                                     35     0   3  2  
 2 Roman Josi               Markus Nutivaara                                  35     1   2  2  
 3 Jeff Petry               Noah Hanifin                                      20     1   2  2  
 4 Jacob Larsson            Matt Roy                                          10     1   2  2  

PowerPlay Forward 
   Center                   Left Wing                Right Wing               Time % Phy DF OF 
 1 Daultan Leveillé         Brendan Lemieux          Brock Boeser             60     1   2  2  
 2 JT Compher               Alex Iafallo             Nicholas Baptiste        40     1   2  2  

PowerPlay Defense
   Defense                  Defense                                           Time % Phy DF OF 
 1 Markus Nutivaara         Zach Werenski                                     60     0   2  3  
 2 Noah Hanifin             Roman Josi                                        40     0   2  3  

Penalty Kill 4 Players Forward 
   Center                   Wing                     Time % Phy DF OF 
 1 Anthony Cirelli          Riley Armstrong          60     1   2  2  
 2 Daultan Leveillé         Andy Andreoff            40     1   2  2  

Penalty Kill 4 Players Defense
   Defense                  Defense                  Time % Phy DF OF 
 1 Roman Josi               Josh Manson              60     1   2  2  
 2 Zach Werenski            Jeff Petry               40     1   2  2  

Penalty Kill - 3 Players Forward 
   Forward                                           Time % Phy DF OF 
 1 Daultan Leveillé                                  60     1   2  2  
 2 Riley Armstrong                                   40     1   2  2  

Penalty Kill - 3 Players Defense
   Defense                  Defense                  Time % Phy DF OF 
 1 Josh Manson              Roman Josi               60     1   2  2  
 2 Zach Werenski            Jeff Petry               40     1   2  2  

4 vs 4 Forward 
   Center                   Wing                     Time % Phy DF OF 
 1 Daultan Leveillé         Alex Iafallo             60     1   2  2  
 2 Riley Armstrong          JT Compher               40     1   2  2  

4 vs 4 Defense
   Defense                  Defense                  Time % Phy DF OF 
 1 Roman Josi               Zach Werenski            60     1   2  2  
 2 Josh Manson              Markus Nutivaara         40     1   2  2  

Last Minutes Offensive
   Center                   Left Wing                Right Wing               Defense                  Defense                  
   Daultan Leveillé         Andy Andreoff            Benn Ferriero            Markus Nutivaara         Zach Werenski            

Last Minutes Defensive
   Center                   Left Wing                Right Wing               Defense                  Defense                  
   Riley Armstrong          Brendan Lemieux          Nicholas Baptiste        Roman Josi               Josh Manson              

Goaltenders
Starting : Alexandar Georgiev       
Backup : Jake Allen               

Extra Forwards
Normal : Benn Ferriero, JT Compher, Andy Andreoff - PP : Anthony Cirelli, Riley Armstrong - PK : Nicholas Baptiste
Extra Defensemen
Normal : Zach Werenski, Josh Manson, Roman Josi - PP : Matt Roy - PK : Zach Werenski, Markus Nutivaara
Penalty Shots
JT Compher, Benn Ferriero, Andy Andreoff, Daultan Leveillé, Curtis Lazar

Scratches
Mikko Rantanen (Left Foot Injury), Jacob Josefson (Healthy), Jordan Weal (Healthy), Kurtis Macdermid (Healthy), Dmitri Orlov (Healthy)
Blake Lizotte (Healthy), Bokondji Imama (Healthy), Derek Forbort (Healthy), Josh Anderson (Healthy), Teemu Hartikainen (Healthy)
Cal Petersen (Healthy)

Punishers

5 vs 5 Forward 
   Center                   Left Wing                Right Wing               Time % Phy DF OF 
 1 Elias Lindholm           Andreas Athanasiou       Austen Brassard          40     1   2  2  
 2 Radek Faksa              Tyler Bertuzzi           Corey Tropp              30     1   2  2  
 3 John Quenneville         Nikita Gusev             Carter Ashton            20     1   2  2  
 4 Zack Hamill              Anton Blidh              Alex Schoenborn          10     1   2  2  

5 vs 5 Defense 
   Defense                  Defense                                           Time % Phy DF OF 
 1 Madison Bowey            Samuel Morin                                      40     1   2  2  
 2 Brett Kulak              Adam Pelech                                       30     1   2  2  
 3 Fredrik Claesson         Noah Juulsen                                      20     1   2  2  
 4 Samuel Morin             Niko Mikkola                                      10     1   2  2  

PowerPlay Forward 
   Center                   Left Wing                Right Wing               Time % Phy DF OF 
 1 Zack Hamill              Elias Lindholm           Corey Tropp              60     1   2  2  
 2 Radek Faksa              Tyler Bertuzzi           Austen Brassard          40     1   2  2  

PowerPlay Defense
   Defense                  Defense                                           Time % Phy DF OF 
 1 Samuel Morin             Adam Pelech                                       60     1   2  2  
 2 Brett Kulak              Noah Juulsen                                      40     1   2  2  

Penalty Kill 4 Players Forward 
   Center                   Wing                     Time % Phy DF OF 
 1 Corey Tropp              Tyler Bertuzzi           60     1   2  2  
 2 Andreas Athanasiou       Carter Ashton            40     1   2  2  

Penalty Kill 4 Players Defense
   Defense                  Defense                  Time % Phy DF OF 
 1 Samuel Morin             Adam Pelech              60     1   2  2  
 2 Brett Kulak              Madison Bowey            40     1   2  2  

Penalty Kill - 3 Players Forward 
   Forward                                           Time % Phy DF OF 
 1 Tyler Bertuzzi                                    60     1   2  2  
 2 Corey Tropp                                       40     1   2  2  

Penalty Kill - 3 Players Defense
   Defense                  Defense                  Time % Phy DF OF 
 1 Samuel Morin             Adam Pelech              60     1   2  2  
 2 Brett Kulak              Madison Bowey            40     1   2  2  

4 vs 4 Forward 
   Center                   Wing                     Time % Phy DF OF 
 1 Elias Lindholm           Zack Hamill              60     1   2  2  
 2 Radek Faksa              Andreas Athanasiou       40     1   2  2  

4 vs 4 Defense
   Defense                  Defense                  Time % Phy DF OF 
 1 Madison Bowey            Adam Pelech              60     1   2  2  
 2 Brett Kulak              Noah Juulsen             40     1   2  2  

Last Minutes Offensive
   Center                   Left Wing                Right Wing               Defense                  Defense                  
   Zack Hamill              Andreas Athanasiou       Corey Tropp              Samuel Morin             Adam Pelech              

Last Minutes Defensive
   Center                   Left Wing                Right Wing               Defense                  Defense                  
   Zack Hamill              Tyler Bertuzzi           Corey Tropp              Madison Bowey            Samuel Morin             

Goaltenders
Starting : Louis Domingue           
Backup : Daniel Altshuller        

Extra Forwards
Normal : Radek Faksa, Andreas Athanasiou, Elias Lindholm - PP : Tyler Bertuzzi, Andreas Athanasiou - PK : Tyler Bertuzzi
Extra Defensemen
Normal : Noah Juulsen, Madison Bowey, Adam Pelech - PP : Fredrik Claesson - PK : Noah Juulsen, Madison Bowey
Penalty Shots
Zack Hamill, Elias Lindholm, Andreas Athanasiou, Radek Faksa, Tyler Bertuzzi

Scratches
Michael Joly (Healthy), Ben Betker (Healthy), Connor Clifton (Healthy), Nicolas Roy (Healthy), Gabriel Gagne (Healthy)
Joseph Cramarossa (Healthy), Austin Wagner (Healthy), Daniel Audette (Healthy)

% Time on Ice - Monarchs

Lines # - Real PCT - Wanted PCT - Time Play
Normal Forward
1 - 28% - 30% - 13:36
2 - 29% - 30% - 14:03
3 - 24% - 25% - 11:40
4 - 18% - 15% - 8:38
Normal Defense
1 - 35% - 35% - 16:49
2 - 35% - 35% - 16:50
3 - 18% - 20% - 8:26
4 - 12% - 10% - 5:52
PP Forward
1 - 51% - 60% - 3:51
2 - 49% - 40% - 3:40
PP Defense
1 - 58% - 60% - 4:23
2 - 42% - 40% - 3:08
PK Forward
1 - 88% - 60% - 3:44
2 - 12% - 40% - 0:30
PK Defense
1 - 59% - 60% - 2:29
2 - 41% - 40% - 1:45
PK3 Forward
1 - 0% - 60%
2 - 0% - 40%
PK3 Defense
1 - 0% - 60%
2 - 0% - 40%
44 Forward
1 - 0% - 60%
2 - 0% - 40%
44 Defense
1 - 0% - 60%
2 - 0% - 40%
Last Minute Offensive  - 0:18
Last Minute Defensive  - 0:00
Total
Forward - 60:00
Defense - 60:00

% Time on Ice - Punishers

Lines # - Real PCT - Wanted PCT - Time Play
Normal Forward
1 - 33% - 40% - 15:59
2 - 27% - 30% - 12:48
3 - 21% - 20% - 10:07
4 - 19% - 10% - 9:03
Normal Defense
1 - 36% - 40% - 17:22
2 - 31% - 30% - 14:49
3 - 26% - 20% - 12:18
4 - 7% - 10% - 3:28
PP Forward
1 - 48% - 60% - 2:02
2 - 52% - 40% - 2:12
PP Defense
1 - 53% - 60% - 2:15
2 - 47% - 40% - 1:59
PK Forward
1 - 86% - 60% - 6:26
2 - 14% - 40% - 1:05
PK Defense
1 - 61% - 60% - 4:33
2 - 39% - 40% - 2:58
PK3 Forward
1 - 0% - 60%
2 - 0% - 40%
PK3 Defense
1 - 0% - 60%
2 - 0% - 40%
44 Forward
1 - 0% - 60%
2 - 0% - 40%
44 Defense
1 - 0% - 60%
2 - 0% - 40%
Last Minute Offensive  - 0:00
Last Minute Defensive  - 0:18
Total
Forward - 60:00
Defense - 60:00

Play-by-Play

1st period


0:01 of 1st period - Daultan Leveillé wins face-off versus Elias Lindholm in neutral zone.
0:33 of 1st period - Wrist shot by JT Compher.
0:33 of 1st period - Stopped by Louis Domingue with a rebound.
0:37 of 1st period - Wrist shot by JT Compher.
0:37 of 1st period - Deflect By Riley Armstrong.
0:37 of 1st period - Stopped by Louis Domingue without a rebound.
0:38 of 1st period - Curtis Lazar wins face-off versus John Quenneville in Punishers zone.
0:51 of 1st period - Slapshot by Brendan Lemieux.
0:51 of 1st period - Shot Misses the Net.
1:03 of 1st period - Andy Andreoff is hit by Anton Blidh.
1:15 of 1st period - Wrist shot by Zack Hamill.
1:15 of 1st period - Shot Blocked by Markus Nutivaara.
1:35 of 1st period - Slapshot by Markus Nutivaara.
1:35 of 1st period - Shot Misses the Net.
2:27 of 1st period - Brendan Lemieux is hit by Samuel Morin and loses puck.
3:10 of 1st period - Wrist shot by Tyler Bertuzzi.
3:10 of 1st period - Stopped by Alexandar Georgiev without a rebound.
3:11 of 1st period - Radek Faksa wins face-off versus Daultan Leveillé in Monarchs zone.
3:12 of 1st period - Snap shot by Corey Tropp.
3:12 of 1st period - Stopped by Alexandar Georgiev without a rebound.
3:13 of 1st period - Elias Lindholm wins face-off versus Daultan Leveillé in Monarchs zone.
3:24 of 1st period - Snap shot by Andreas Athanasiou.
3:24 of 1st period - Shot Misses the Net.
3:26 of 1st period - Slapshot by Madison Bowey.
3:26 of 1st period - Stopped by Alexandar Georgiev with a rebound.
3:28 of 1st period - Snap shot by Elias Lindholm.
3:28 of 1st period - Stopped by Alexandar Georgiev without a rebound.
3:29 of 1st period - Radek Faksa wins face-off versus Anthony Cirelli in Monarchs zone.
3:30 of 1st period - Snap shot by Tyler Bertuzzi.
3:30 of 1st period - Shot Blocked by Zach Werenski.
4:36 of 1st period - Off-side.
4:37 of 1st period - Riley Armstrong wins face-off versus Zack Hamill in neutral zone.
4:46 of 1st period - Snap shot by JT Compher.
4:46 of 1st period - Shot Misses the Net.
6:12 of 1st period - Snap shot by Riley Armstrong.
6:12 of 1st period - Stopped by Louis Domingue with a rebound.
6:14 of 1st period - Wrist shot by Riley Armstrong.
6:14 of 1st period - Shot Misses the Net.
6:16 of 1st period - Wrist shot by Jeff Petry.
6:16 of 1st period - Shot Misses the Net.
6:48 of 1st period - Benn Ferriero is hit by Tyler Bertuzzi and loses puck.
7:11 of 1st period - Wrist shot by Nicholas Baptiste.
7:11 of 1st period - Stopped by Louis Domingue with a rebound.
7:13 of 1st period - Snap shot by Anthony Cirelli.
7:13 of 1st period - Deflect By Andy Andreoff.
7:13 of 1st period - Shot Misses the Net.
7:13 of 1st period - Puck is out of play.
7:14 of 1st period - Anthony Cirelli wins face-off versus Elias Lindholm in Punishers zone.
7:23 of 1st period - Slapshot by Markus Nutivaara.
7:23 of 1st period - Stopped by Louis Domingue without a rebound.
7:24 of 1st period - Riley Armstrong wins face-off versus Elias Lindholm in Punishers zone.
7:35 of 1st period - Slapshot by Andreas Athanasiou.
7:35 of 1st period - Shot Misses the Net.
7:37 of 1st period - Slapshot by Adam Pelech.
7:37 of 1st period - Shot Misses the Net.
7:45 of 1st period - Wrist shot by Andreas Athanasiou.
7:45 of 1st period - Shot Blocked by JT Compher.
7:47 of 1st period - Slapshot by Austen Brassard.
7:47 of 1st period - Stopped by Alexandar Georgiev without a rebound.
7:48 of 1st period - Radek Faksa wins face-off versus Daultan Leveillé in Monarchs zone.
8:11 of 1st period - Icing by Zach Werenski.
8:12 of 1st period - Daultan Leveillé wins face-off versus John Quenneville in Monarchs zone.
8:17 of 1st period - Carter Ashton is hit by Josh Manson.
8:23 of 1st period - Snap shot by Carter Ashton.
8:23 of 1st period - Shot Blocked by Zach Werenski.
8:25 of 1st period - Slapshot by Noah Juulsen.
8:25 of 1st period - Shot Blocked by Zach Werenski.
8:27 of 1st period - Wrist shot by Carter Ashton.
8:27 of 1st period - Shot Misses the Net.
10:15 of 1st period - Snap shot by Riley Armstrong.
10:15 of 1st period - Stopped by Louis Domingue without a rebound.
10:16 of 1st period - Radek Faksa wins face-off versus Riley Armstrong in Punishers zone.
10:27 of 1st period - Snap shot by Brock Boeser.
10:27 of 1st period - Shot Misses the Net.
10:29 of 1st period - Slapshot by Jeff Petry.
10:29 of 1st period - Stopped by Louis Domingue without a rebound.
10:30 of 1st period - Curtis Lazar wins face-off versus Andreas Athanasiou in Punishers zone.
10:37 of 1st period - Snap shot by Martin Frk.
10:37 of 1st period - Shot Blocked by Austen Brassard.
10:39 of 1st period - Slapshot by Curtis Lazar.
10:39 of 1st period - Stopped by Louis Domingue with a rebound.
10:41 of 1st period - Snap shot by Zach Werenski.
10:41 of 1st period - Shot Misses the Net.
10:43 of 1st period - Snap shot by Curtis Lazar.
10:43 of 1st period - Shot Misses the Net.
10:45 of 1st period - Slapshot by Curtis Lazar.
10:45 of 1st period - Stopped by Louis Domingue without a rebound.
10:46 of 1st period - Riley Armstrong wins face-off versus Radek Faksa in Punishers zone.
11:32 of 1st period - Slapshot by Nikita Gusev.
11:32 of 1st period - Shot Misses the Net.
11:34 of 1st period - Slapshot by Brett Kulak.
11:34 of 1st period - Shot Misses the Net.
11:36 of 1st period - Slapshot by Adam Pelech.
11:36 of 1st period - Shot Misses the Net.
11:38 of 1st period - Snap shot by Carter Ashton.
11:38 of 1st period - Shot Misses the Net.
12:03 of 1st period - Minor Penalty to Nicholas Baptiste for Hooking.
12:04 of 1st period - Zack Hamill wins face-off versus Anthony Cirelli in Monarchs zone.
12:38 of 1st period - Tyler Bertuzzi is hit by Andy Andreoff and loses puck.
12:53 of 1st period - Elias Lindholm is hit by Riley Armstrong and loses puck.
14:03 of 1st period - Penalty to Nicholas Baptiste is over, Nicholas Baptiste is back on ice.
14:20 of 1st period - Snap shot by Daultan Leveillé.
14:20 of 1st period - Stopped by Louis Domingue with a rebound.
14:30 of 1st period - Slapshot by Daultan Leveillé.
14:30 of 1st period - Deflect By Nicholas Baptiste.
14:30 of 1st period - Shot Blocked by Fredrik Claesson.
14:30 of 1st period - Puck is out of play.
14:31 of 1st period - Curtis Lazar wins face-off versus Elias Lindholm in Punishers zone.
15:15 of 1st period - Snap shot by Daultan Leveillé.
15:15 of 1st period - Deflect By Alex Iafallo.
15:15 of 1st period - Stopped by Louis Domingue without a rebound.
15:16 of 1st period - Daultan Leveillé wins face-off versus John Quenneville in Punishers zone.
16:13 of 1st period - Backhand shot by Riley Armstrong.
16:13 of 1st period - Shot Misses the Net.
16:49 of 1st period - Wrist shot by Andreas Athanasiou.
16:49 of 1st period - Shot Misses the Net.
16:51 of 1st period - Snap shot by Andreas Athanasiou.
16:51 of 1st period - Stopped by Alexandar Georgiev with a rebound.
16:53 of 1st period - Snap shot by Andreas Athanasiou.
16:53 of 1st period - Shot Misses the Net.
17:10 of 1st period - Minor Penalty to Nikita Gusev for Roughing.
17:11 of 1st period - Corey Tropp wins face-off versus Daultan Leveillé in Punishers zone.
17:48 of 1st period - Backhand shot by Carter Ashton.
17:48 of 1st period - Shot Misses the Net.
19:04 of 1st period - Samuel Morin is hit by Daultan Leveillé.
19:10 of 1st period - Penalty to Nikita Gusev is over, Nikita Gusev is back on ice.
19:22 of 1st period - Fredrik Claesson is hit by Curtis Lazar and loses puck.
19:49 of 1st period - JT Compher is hit by Alex Schoenborn and loses puck.
19:54 of 1st period - Snap shot by Alex Schoenborn.
19:54 of 1st period - Deflect By Brock Boeser.
19:54 of 1st period - Stopped by Alexandar Georgiev without a rebound.
19:55 of 1st period - Curtis Lazar wins face-off versus Elias Lindholm in Monarchs zone.
Goals for this period are 0 for Monarchs vs 0 for Punishers.
Shots for this period are 11 for Monarchs vs 7 for Punishers.

2nd period


0:01 of 2nd period - Daultan Leveillé wins face-off versus Elias Lindholm in neutral zone.
0:08 of 2nd period - Markus Nutivaara is hit by Andreas Athanasiou and loses puck.
0:57 of 2nd period - Wrist shot by Elias Lindholm.
0:57 of 2nd period - Deflect By Andreas Athanasiou.
0:57 of 2nd period - Shot Blocked by Nicholas Baptiste.
0:57 of 2nd period - Puck is out of play.
0:58 of 2nd period - Riley Armstrong wins face-off versus Radek Faksa in Monarchs zone.
1:46 of 2nd period - Snap shot by Roman Josi.
1:46 of 2nd period - Shot Blocked by Fredrik Claesson.
1:48 of 2nd period - Slapshot by Roman Josi.
1:48 of 2nd period - Shot Blocked by Fredrik Claesson.
1:50 of 2nd period - Wrist shot by Andy Andreoff.
1:50 of 2nd period - Stopped by Louis Domingue without a rebound.
1:51 of 2nd period - Anthony Cirelli wins face-off versus Zack Hamill in Punishers zone.
2:25 of 2nd period - Slapshot by Zach Werenski.
2:25 of 2nd period - Shot Blocked by Adam Pelech.
2:27 of 2nd period - Backhand shot by Anthony Cirelli.
2:27 of 2nd period - Shot Misses the Net.
2:29 of 2nd period - Wrist shot by Anthony Cirelli.
2:29 of 2nd period - Stopped by Louis Domingue with a rebound.
2:31 of 2nd period - Slapshot by Zach Werenski.
2:31 of 2nd period - Shot Misses the Net.
2:33 of 2nd period - Slapshot by Josh Manson.
2:33 of 2nd period - Shot Misses the Net.
2:35 of 2nd period - Slapshot by Andy Andreoff.
2:35 of 2nd period - Shot Blocked by Adam Pelech.
2:37 of 2nd period - Slapshot by Zach Werenski.
2:37 of 2nd period - Stopped by Louis Domingue with a rebound.
2:39 of 2nd period - Slapshot by Josh Manson.
2:39 of 2nd period - Deflect By Adam Pelech.
2:39 of 2nd period - Stopped by Louis Domingue without a rebound.
2:40 of 2nd period - JT Compher wins face-off versus Elias Lindholm in Punishers zone.
2:45 of 2nd period - Snap shot by Riley Armstrong.
2:45 of 2nd period - Stopped by Louis Domingue with a rebound.
2:47 of 2nd period - Backhand shot by Riley Armstrong.
2:47 of 2nd period - Stopped by Louis Domingue without a rebound.
2:48 of 2nd period - Riley Armstrong wins face-off versus Elias Lindholm in Punishers zone.
2:49 of 2nd period - Snap shot by JT Compher.
2:49 of 2nd period - Stopped by Louis Domingue with a rebound.
2:51 of 2nd period - Slapshot by Markus Nutivaara.
2:51 of 2nd period - Shot Blocked by Madison Bowey.
2:53 of 2nd period - Wrist shot by Brock Boeser.
2:53 of 2nd period - Deflect By JT Compher.
2:53 of 2nd period - Stopped by Louis Domingue without a rebound.
2:54 of 2nd period - Daultan Leveillé wins face-off versus Elias Lindholm in Punishers zone.
2:57 of 2nd period - Wrist shot by Alex Iafallo.
2:57 of 2nd period - Shot Blocked by Samuel Morin.
2:59 of 2nd period - Wrist shot by Daultan Leveillé.
2:59 of 2nd period - Shot Misses the Net.
3:01 of 2nd period - Slapshot by Roman Josi.
3:01 of 2nd period - Shot Misses the Net.
3:03 of 2nd period - Snap shot by Roman Josi.
3:03 of 2nd period - Shot Blocked by Andreas Athanasiou.
3:05 of 2nd period - Snap shot by Benn Ferriero.
3:05 of 2nd period - Shot Blocked by Samuel Morin.
3:35 of 2nd period - Wrist shot by Elias Lindholm.
3:35 of 2nd period - Shot Blocked by Zach Werenski.
3:46 of 2nd period - Icing by Madison Bowey.
3:47 of 2nd period - Riley Armstrong wins face-off versus Tyler Bertuzzi in Punishers zone.
3:48 of 2nd period - Wrist shot by JT Compher.
3:48 of 2nd period - Goal by JT Compher - Monarchs : 1 - Punishers : 0.
3:49 of 2nd period - Riley Armstrong wins face-off versus Tyler Bertuzzi in neutral zone.
4:50 of 2nd period - Wrist shot by Andreas Athanasiou.
4:50 of 2nd period - Stopped by Alexandar Georgiev with a rebound.
5:10 of 2nd period - Snap shot by Andreas Athanasiou.
5:10 of 2nd period - Stopped by Alexandar Georgiev with a rebound.
5:12 of 2nd period - Slapshot by Brett Kulak.
5:12 of 2nd period - Stopped by Alexandar Georgiev without a rebound.
5:13 of 2nd period - Riley Armstrong wins face-off versus Radek Faksa in Monarchs zone.
5:49 of 2nd period - Alex Iafallo is hit by Carter Ashton and loses puck.
6:29 of 2nd period - Slapshot by Nicholas Baptiste.
6:29 of 2nd period - Shot Blocked by Noah Juulsen.
6:31 of 2nd period - Snap shot by Anthony Cirelli.
6:31 of 2nd period - Goal by Anthony Cirelli - Monarchs : 2 - Punishers : 0.
6:32 of 2nd period - Riley Armstrong wins face-off versus Radek Faksa in neutral zone.
6:56 of 2nd period - Icing by Corey Tropp.
6:57 of 2nd period - Radek Faksa wins face-off versus Daultan Leveillé in Punishers zone.
7:04 of 2nd period - Snap shot by Corey Tropp.
7:04 of 2nd period - Stopped by Alexandar Georgiev without a rebound.
7:05 of 2nd period - Daultan Leveillé wins face-off versus Elias Lindholm in Monarchs zone.
7:30 of 2nd period - JT Compher is hit by Tyler Bertuzzi and loses puck.
7:54 of 2nd period - Slapshot by Tyler Bertuzzi.
7:54 of 2nd period - Shot Misses the Net.
7:56 of 2nd period - Slapshot by Tyler Bertuzzi.
7:56 of 2nd period - Goal by Tyler Bertuzzi - Monarchs : 2 - Punishers : 1.
7:57 of 2nd period - Elias Lindholm wins face-off versus Curtis Lazar in neutral zone.
8:54 of 2nd period - Madison Bowey is hit by Riley Armstrong and loses puck.
9:07 of 2nd period - Anthony Cirelli is hit by Alex Schoenborn and loses puck.
9:30 of 2nd period - Noah Hanifin is hit by Andreas Athanasiou.
10:15 of 2nd period - Wrist shot by JT Compher.
10:15 of 2nd period - Shot Blocked by Nikita Gusev.
10:31 of 2nd period - Snap shot by Andreas Athanasiou.
10:31 of 2nd period - Shot Misses the Net.
10:55 of 2nd period - Wrist shot by Brendan Lemieux.
10:55 of 2nd period - Stopped by Louis Domingue without a rebound.
10:56 of 2nd period - Radek Faksa wins face-off versus Daultan Leveillé in Punishers zone.
11:01 of 2nd period - Wrist shot by Corey Tropp.
11:01 of 2nd period - Goal by Corey Tropp - Monarchs : 2 - Punishers : 2.
11:02 of 2nd period - Elias Lindholm wins face-off versus Daultan Leveillé in neutral zone.
11:04 of 2nd period - Off-side.
11:05 of 2nd period - Elias Lindholm wins face-off versus Daultan Leveillé in neutral zone.
11:46 of 2nd period - Snap shot by Andreas Athanasiou.
11:46 of 2nd period - Goal by Andreas Athanasiou - Monarchs : 2 - Punishers : 3.
11:47 of 2nd period - Radek Faksa wins face-off versus Riley Armstrong in neutral zone.
12:00 of 2nd period - Wrist shot by Radek Faksa.
12:00 of 2nd period - Shot Blocked by JT Compher.
12:02 of 2nd period - Slapshot by Radek Faksa.
12:02 of 2nd period - Stopped by Alexandar Georgiev with a rebound.
12:16 of 2nd period - Adam Pelech is hit by Benn Ferriero and loses puck.
12:38 of 2nd period - Wrist shot by Andy Andreoff.
12:38 of 2nd period - Stopped by Louis Domingue with a rebound.
12:44 of 2nd period - Wrist shot by Nicholas Baptiste.
12:44 of 2nd period - Shot Misses the Net.
12:56 of 2nd period - Josh Manson is hit by Tyler Bertuzzi and loses puck.
13:17 of 2nd period - Samuel Morin is hit by JT Compher and loses puck.
13:37 of 2nd period - Benn Ferriero is hit by Madison Bowey and loses puck.
16:01 of 2nd period - Jeff Petry is hit by Anton Blidh and loses puck.
16:10 of 2nd period - Anton Blidh is hit by Brock Boeser and loses puck.
16:37 of 2nd period - Snap shot by Carter Ashton.
16:37 of 2nd period - Deflect By Zach Werenski.
16:37 of 2nd period - Shot Misses the Net.
16:37 of 2nd period - Puck is out of play.
16:38 of 2nd period - Carter Ashton wins face-off versus Anthony Cirelli in Monarchs zone.
16:41 of 2nd period - Backhand shot by John Quenneville.
16:41 of 2nd period - Goal by John Quenneville - Monarchs : 2 - Punishers : 4.
16:41 of 2nd period - Jake Allen enters game.
16:42 of 2nd period - Brock Boeser wins face-off versus Elias Lindholm in neutral zone.
17:09 of 2nd period - Samuel Morin is hit by Benn Ferriero and loses puck.
17:14 of 2nd period - Slapshot by Markus Nutivaara.
17:14 of 2nd period - Shot Misses the Net.
17:16 of 2nd period - Snap shot by Roman Josi.
17:16 of 2nd period - Stopped by Louis Domingue with a rebound.
19:05 of 2nd period - Snap shot by Nikita Gusev.
19:05 of 2nd period - Stopped by Jake Allen with a rebound.
19:19 of 2nd period - Nicholas Baptiste is hit by Anton Blidh and loses puck.
19:38 of 2nd period - Samuel Morin is hit by Riley Armstrong and loses puck.
19:43 of 2nd period - Snap shot by Riley Armstrong.
19:43 of 2nd period - Stopped by Louis Domingue without a rebound.
19:44 of 2nd period - Elias Lindholm wins face-off versus Riley Armstrong in Punishers zone.
Goals for this period are 2 for Monarchs vs 4 for Punishers.
Shots for this period are 14 for Monarchs vs 10 for Punishers.

3rd period


0:01 of 3rd period - Elias Lindholm wins face-off versus Daultan Leveillé in neutral zone.
0:28 of 3rd period - Wrist shot by Martin Frk.
0:28 of 3rd period - Shot Blocked by Corey Tropp.
0:34 of 3rd period - Snap shot by Martin Frk.
0:34 of 3rd period - Shot Misses the Net.
0:36 of 3rd period - Snap shot by Curtis Lazar.
0:36 of 3rd period - Shot Misses the Net.
0:42 of 3rd period - Penalty Shot by Madison Bowey for Punishers.
0:42 of 3rd period - Backhand shot by Madison Bowey.
0:42 of 3rd period - Shot Misses the Net.
0:43 of 3rd period - Riley Armstrong wins face-off versus Elias Lindholm in Punishers zone.
1:31 of 3rd period - Brendan Lemieux is hit by Anton Blidh and loses puck.
1:50 of 3rd period - Minor Penalty to Alex Schoenborn for Tripping.
1:51 of 3rd period - Corey Tropp wins face-off versus Daultan Leveillé in Punishers zone.
1:51 of 3rd period - Corey Tropp is hit by Daultan Leveillé.
2:27 of 3rd period - Slapshot by Alex Iafallo.
2:27 of 3rd period - Shot Misses the Net.
3:50 of 3rd period - Penalty to Alex Schoenborn is over, Alex Schoenborn is back on ice.
3:58 of 3rd period - Wrist shot by Alex Schoenborn.
3:58 of 3rd period - Stopped by Jake Allen with a rebound.
4:00 of 3rd period - Snap shot by Carter Ashton.
4:00 of 3rd period - Shot Misses the Net.
4:02 of 3rd period - Slapshot by Fredrik Claesson.
4:02 of 3rd period - Stopped by Jake Allen with a rebound.
4:04 of 3rd period - Snap shot by Carter Ashton.
4:04 of 3rd period - Shot Misses the Net.
4:06 of 3rd period - Wrist shot by Nikita Gusev.
4:06 of 3rd period - Shot Hit the Post.
4:08 of 3rd period - Wrist shot by John Quenneville.
4:08 of 3rd period - Deflect By Carter Ashton.
4:08 of 3rd period - Shot Blocked by Martin Frk.
4:08 of 3rd period - Puck is out of play.
4:09 of 3rd period - Zack Hamill wins face-off versus Curtis Lazar in Monarchs zone.
4:34 of 3rd period - Snap shot by John Quenneville.
4:34 of 3rd period - Deflect By Nikita Gusev.
4:34 of 3rd period - Shot Blocked by Jacob Larsson.
4:34 of 3rd period - Puck is out of play.
4:35 of 3rd period - Austen Brassard wins face-off versus Riley Armstrong in Monarchs zone.
4:38 of 3rd period - Slapshot by Andreas Athanasiou.
4:38 of 3rd period - Shot Hit the Post.
4:50 of 3rd period - Wrist shot by Andreas Athanasiou.
4:50 of 3rd period - Deflect By Austen Brassard.
4:50 of 3rd period - Shot Misses the Net.
4:50 of 3rd period - Puck is out of play.
4:51 of 3rd period - Daultan Leveillé wins face-off versus Radek Faksa in Monarchs zone.
4:56 of 3rd period - Josh Manson is hit by Radek Faksa and loses puck.
5:08 of 3rd period - Off-side.
5:09 of 3rd period - Elias Lindholm wins face-off versus Riley Armstrong in neutral zone.
5:16 of 3rd period - Wrist shot by Andreas Athanasiou.
5:16 of 3rd period - Goal by Andreas Athanasiou - Monarchs : 2 - Punishers : 5.
5:17 of 3rd period - Elias Lindholm wins face-off versus Riley Armstrong in neutral zone.
5:45 of 3rd period - Wrist shot by Zach Werenski.
5:45 of 3rd period - Stopped by Louis Domingue with a rebound.
5:55 of 3rd period - Wrist shot by Radek Faksa.
5:55 of 3rd period - Shot Blocked by Benn Ferriero.
8:47 of 3rd period - Slapshot by Adam Pelech.
8:47 of 3rd period - Shot Blocked by Roman Josi.
8:49 of 3rd period - Snap shot by Anton Blidh.
8:49 of 3rd period - Stopped by Jake Allen with a rebound.
9:01 of 3rd period - Snap shot by Anton Blidh.
9:01 of 3rd period - Shot Blocked by Roman Josi.
9:03 of 3rd period - Slapshot by Adam Pelech.
9:03 of 3rd period - Shot Blocked by Daultan Leveillé.
9:05 of 3rd period - Wrist shot by Zack Hamill.
9:05 of 3rd period - Shot Blocked by Alex Iafallo.
9:07 of 3rd period - Snap shot by Adam Pelech.
9:07 of 3rd period - Stopped by Jake Allen without a rebound.
9:08 of 3rd period - Brock Boeser wins face-off versus Elias Lindholm in Monarchs zone.
9:38 of 3rd period - Slapshot by Josh Manson.
9:38 of 3rd period - Stopped by Louis Domingue with a rebound.
9:40 of 3rd period - Wrist shot by Brendan Lemieux.
9:40 of 3rd period - Stopped by Louis Domingue without a rebound.
9:41 of 3rd period - Radek Faksa wins face-off versus Curtis Lazar in Punishers zone.
9:41 of 3rd period - Radek Faksa is hit by Martin Frk.
9:47 of 3rd period - Wrist shot by Tyler Bertuzzi.
9:47 of 3rd period - Stopped by Jake Allen without a rebound.
9:48 of 3rd period - Riley Armstrong wins face-off versus Radek Faksa in Monarchs zone.
9:48 of 3rd period - Riley Armstrong is hit by Tyler Bertuzzi.
9:56 of 3rd period - Wrist shot by JT Compher.
9:56 of 3rd period - Shot Misses the Net.
9:58 of 3rd period - Slapshot by Markus Nutivaara.
9:58 of 3rd period - Shot Blocked by Noah Juulsen.
10:00 of 3rd period - Backhand shot by Brock Boeser.
10:00 of 3rd period - Stopped by Louis Domingue with a rebound.
10:10 of 3rd period - Minor Penalty to Fredrik Claesson for Slashing.
10:11 of 3rd period - Daultan Leveillé wins face-off versus Corey Tropp in Punishers zone.
10:12 of 3rd period - Slapshot by Markus Nutivaara.
10:12 of 3rd period - Shot Misses the Net.
10:16 of 3rd period - Wrist shot by Daultan Leveillé.
10:16 of 3rd period - Shot Misses the Net.
10:44 of 3rd period - Snap shot by Alex Iafallo.
10:44 of 3rd period - Goal by Alex Iafallo - Monarchs : 3 - Punishers : 5.
10:45 of 3rd period - Elias Lindholm wins face-off versus Daultan Leveillé in neutral zone.
10:54 of 3rd period - Wrist shot by Elias Lindholm.
10:54 of 3rd period - Shot Misses the Net.
12:08 of 3rd period - Icing by Alex Schoenborn.
12:09 of 3rd period - Elias Lindholm wins face-off versus Daultan Leveillé in Punishers zone.
12:09 of 3rd period - Elias Lindholm is hit by Benn Ferriero.
12:20 of 3rd period - Minor Penalty to Noah Hanifin for Hooking.
12:21 of 3rd period - Anthony Cirelli wins face-off versus Zack Hamill in Monarchs zone.
12:35 of 3rd period - Snap shot by Corey Tropp.
12:35 of 3rd period - Shot Blocked by Josh Manson.
13:21 of 3rd period - Andy Andreoff is hit by Austen Brassard and loses puck.
13:42 of 3rd period - Wrist shot by Radek Faksa.
13:42 of 3rd period - Shot Misses the Net.
13:44 of 3rd period - Slapshot by Brett Kulak.
13:44 of 3rd period - Stopped by Jake Allen with a rebound.
13:46 of 3rd period - Slapshot by Noah Juulsen.
13:46 of 3rd period - Stopped by Jake Allen with a rebound.
13:48 of 3rd period - Slapshot by Radek Faksa.
13:48 of 3rd period - Stopped by Jake Allen with a rebound.
13:50 of 3rd period - Snap shot by Radek Faksa.
13:50 of 3rd period - Shot Blocked by Jeff Petry.
13:50 of 3rd period - Jeff Petry from Monarchs is injured at 13:50 of 3rd period (Left Eye).
13:51 of 3rd period - Zack Hamill wins face-off versus Anthony Cirelli in Monarchs zone.
14:20 of 3rd period - Penalty to Noah Hanifin is over, Noah Hanifin is back on ice.
14:22 of 3rd period - Minor Penalty to Austen Brassard for Interference.
14:23 of 3rd period - Corey Tropp wins face-off versus Daultan Leveillé in Punishers zone.
14:48 of 3rd period - Samuel Morin is hit by Nicholas Baptiste and loses puck.
14:53 of 3rd period - Snap shot by Alex Iafallo.
14:53 of 3rd period - Stopped by Louis Domingue with a rebound.
14:55 of 3rd period - Slapshot by Nicholas Baptiste.
14:55 of 3rd period - Deflect By JT Compher.
14:55 of 3rd period - Shot Misses the Net.
14:55 of 3rd period - Puck is out of play.
14:56 of 3rd period - Daultan Leveillé wins face-off versus Corey Tropp in Punishers zone.
16:22 of 3rd period - Penalty to Austen Brassard is over, Austen Brassard is back on ice.
16:29 of 3rd period - Slapshot by Brett Kulak.
16:29 of 3rd period - Shot Blocked by Noah Hanifin.
16:43 of 3rd period - Slapshot by Noah Juulsen.
16:43 of 3rd period - Shot Misses the Net.
17:05 of 3rd period - Samuel Morin is hit by Benn Ferriero and loses puck.
17:28 of 3rd period - Off-side.
17:29 of 3rd period - Curtis Lazar wins face-off versus Radek Faksa in neutral zone.
17:31 of 3rd period - Zach Werenski is hit by Brett Kulak and loses puck.
17:47 of 3rd period - Minor Penalty to Corey Tropp for High sticking.
17:48 of 3rd period - Radek Faksa wins face-off versus Daultan Leveillé in Punishers zone.
18:22 of 3rd period - Wrist shot by JT Compher.
18:22 of 3rd period - Deflect By Nicholas Baptiste.
18:22 of 3rd period - Shot Blocked by Samuel Morin.
18:22 of 3rd period - Puck is out of play.
18:23 of 3rd period - JT Compher wins face-off versus Radek Faksa in Punishers zone.
18:47 of 3rd period - Slapshot by Zach Werenski.
18:47 of 3rd period - Goal by Zach Werenski - Monarchs : 4 - Punishers : 5.
18:48 of 3rd period - Corey Tropp wins face-off versus Daultan Leveillé in neutral zone.
18:58 of 3rd period - Monarchs , Jake Allen is pulled from the net.
19:05 of 3rd period - Minor Penalty to Markus Nutivaara for High sticking.
19:06 of 3rd period - Jake Allen from Monarchs was sent back in the game.
19:06 of 3rd period - Anthony Cirelli wins face-off versus Zack Hamill in Monarchs zone.
19:17 of 3rd period - Snap shot by Corey Tropp.
19:17 of 3rd period - Stopped by Jake Allen with a rebound.
19:19 of 3rd period - Slapshot by Adam Pelech.
19:19 of 3rd period - Shot Hit the Post.
19:21 of 3rd period - Slapshot by Corey Tropp.
19:21 of 3rd period - Goal by Corey Tropp - Monarchs : 4 - Punishers : 6.
19:22 of 3rd period - John Quenneville wins face-off versus Curtis Lazar in neutral zone.
19:36 of 3rd period - Icing by Markus Nutivaara.
19:37 of 3rd period - Curtis Lazar wins face-off versus Radek Faksa in Monarchs zone.
19:52 of 3rd period - Snap shot by Martin Frk.
19:52 of 3rd period - Shot Misses the Net.
19:54 of 3rd period - Slapshot by Roman Josi.
19:54 of 3rd period - Stopped by Louis Domingue without a rebound.
19:55 of 3rd period - Anthony Cirelli wins face-off versus John Quenneville in Punishers zone.
Goals for this period are 2 for Monarchs vs 2 for Punishers.
Shots for this period are 8 for Monarchs vs 11 for Punishers.